 Dungeon Crawl Stone Soup version 0.21.1-1-g345015f (webtiles) character file.

266 Mgcat the Skirmisher (level 6, 0/75 HPs)
             Began as a Gnoll Wanderer on Mar 1, 2018.
             Was a Follower of Qazlal.
             Slain by an iguana (5 damage)
             ... on level 4 of the Dungeon.
             The game lasted 00:08:27 (4033 turns).

Mgcat the Skirmisher (Gnoll Wanderer)               Turns: 4033, Time: 00:08:27

Health: 0/75       AC: 23    Str: 13 (14) XL:     6   Next: 20%
Magic:  19/20      EV:  2    Int: 19 (20) God:    Qazlal [*.....]
Gold:   230        SH:  0    Dex: 10 (11) Spells: 7/11 levels left

rFire    . . .     SeeInvis .   a - +3 spear
rCold    . . .     Gourm    .   c - +0 buckler
rNeg     + + +     Faith    .   (armour currently unavailable)
rPois    +         Spirit   .   (helmet currently unavailable)
rElec    .         Reflect  .   (cloak currently unavailable)
rCorr    .         Harm     .   (gloves currently unavailable)
MR       .....     NoTele   +   (boots currently unavailable)
Stlth    +.........             (no amulet)
HPRegen  0.22/turn              o - ring of magical power {MP+9}
MPRegen  0.17/turn              (no ring)

@: confused, tree-form
A: distributed training, strong nose
a: Renounce Religion


You were on level 4 of the Dungeon.
You worshipped Qazlal.
Qazlal was aware of your devotion.
You were hungry.
You were a tree.
You visited 1 branch of the dungeon, and saw 4 of its levels.

You collected 230 gold pieces.

Inventory:

Hand Weapons
 a - a +3 spear (weapon)
Missiles
 q - 201 stones
 s - 2 throwing nets (quivered) {=f, !d}
Armour
 c - a +0 buckler (worn)
 d - a +0 robe
 g - a +0 ring mail (melded)
   (You found it on level 1 of the Dungeon)
Jewellery
 o - a ring of magical power (left branch) {MP+9}
   (You found it on level 3 of the Dungeon)
Wands
 p - a wand of polymorph (5)
   (You took it off Jessica on level 3 of the Dungeon)
Scrolls
 j - 3 scrolls of enchant weapon
 k - 2 scrolls of noise {unknown}
 n - a scroll of fog
 r - 2 scrolls of amnesia
 t - a scroll of teleportation
Potions
 e - 2 potions of lignification {!q}
 h - a potion of flight {unknown}
 i - a potion of degeneration {!q}
 l - a potion of brilliance {unknown}
 m - a potion of mutation {unknown}
Books
 b - the Almanac of the Mountains

   Spells                             Type                      Level
   a - Sandblast                      Earth                        1
   b - Stone Arrow                    Conjuration/Earth            3
Comestibles
 f - 14 rations


   Skills:
 + Level 4.9 Fighting
 + Level 1.8 Short Blades
 + Level 1.8 Long Blades
 + Level 1.8 Axes
 + Level 1.8 Maces & Flails
 + Level 1.8 Polearms
 + Level 1.8 Staves
 + Level 1.8 Slings
 + Level 1.8 Bows
 + Level 1.8 Crossbows
 + Level 1.8 Throwing
 + Level 3.1 Armour
 + Level 1.8 Dodging
 + Level 3.0 Stealth
 + Level 3.1 Shields
 + Level 1.8 Unarmed Combat
 + Level 3.3 Spellcasting
 + Level 1.4 Conjurations
 + Level 1.4 Hexes
 + Level 1.4 Charms
 + Level 1.4 Summonings
 + Level 1.4 Necromancy
 + Level 1.4 Translocations
 + Level 1.4 Transmutations
 + Level 1.4 Fire Magic
 + Level 1.4 Ice Magic
 + Level 1.4 Air Magic
 + Level 4.0 Earth Magic
 + Level 4.0 Poison Magic
 + Level 2.0 Invocations
 + Level 1.8 Evocations


You had 7 spell levels left.
You knew the following spells:

 Your Spells              Type           Power        Failure   Level  Hunger
a - Sandblast             Erth           ###...       3%          1    None
b - Stone Arrow           Conj/Erth      ##....       16%         3    ###....


Dungeon Overview and Level Annotations

Branches:
Dungeon (4/15)
 Temple: D:4-7

Altars:
Qazlal
Sif Muna
Yredelemnul


Innate Abilities, Weirdness & Mutations

Your experience applies equally to all skills.
((You have very sharp teeth.))
Your uncanny sense of smell can sniff out nearby items.


Message History

The iguana bites you but does no damage.
Ijyb screams, "Me very upset!"
Ijyb hits you but does no damage.
You hit Ijyb but do no damage.
Ijyb is almost dead.
The iguana bites you but does no damage.
Ijyb hits you but does no damage.
You swing at nothing.
The iguana bites you but does no damage.
Ijyb hits you but does no damage.
You closely miss Ijyb.
Ijyb is almost dead.
The iguana bites you but does no damage.
Ijyb screams, "Me stronger than you!" Ijyb hits you but does no damage.
You nearly hit yourself!
The iguana bites you but does no damage.
Ijyb screams, "You nasty!
Big nasty!"
Ijyb hits you.
* * * LOW HITPOINT WARNING * * *
You closely miss Ijyb.
Ijyb is almost dead.
The iguana bites you but does no damage.
Ijyb hits you but does no damage.
You swing at nothing.
The iguana bites you but does no damage.
Ijyb hits you but does no damage.
You swing at nothing.
The iguana bites you but does no damage.
Ijyb zaps a wand.
Your will is overpowered!
You are more confused.
You barely miss the iguana.
The iguana bites you but does no damage.
Ijyb hits you but does no damage.
You swing at nothing.
The iguana bites you but does no damage.
Ijyb hits you but does no damage.
You completely miss Ijyb.
Ijyb is almost dead.
The iguana bites you but does no damage.
Ijyb zaps a wand.
Your will is overpowered!
You are more confused.
The now-empty wand crumbles to dust.
You hit Ijyb but do no damage.
Ijyb is almost dead.
The iguana bites you.
* * * LOW HITPOINT WARNING * * *
Ijyb hits you but does no damage.
Evoke which item? (* to show all) (? for menu, Esc to quit)
You're too confused!
You cannot move. (Use ctrl+direction to attack without moving.)
You cannot move. (Use ctrl+direction to attack without moving.)
You cannot move. (Use ctrl+direction to attack without moving.)
You cannot move. (Use ctrl+direction to attack without moving.)
You cannot move. (Use ctrl+direction to attack without moving.)
You miss the iguana.
The iguana bites you but does no damage.
Ijyb hits you but does no damage.
You swing at nothing.
The iguana bites you but does no damage.
Ijyb hits you but does no damage.
You swing at nothing.
The iguana hisses menacingly.
The iguana bites you but does no damage.
Ijyb hits you but does no damage.
You hit Ijyb but do no damage.
Ijyb is almost dead.
The iguana bites you but does no damage.
Ijyb hits you but does no damage.
You nearly hit yourself!
The iguana bites you but does no damage.
Ijyb hits you but does no damage.
It was a potion of degeneration.
There was something very wrong with that liquid.
You feel weakened.
You feel dopey.
You feel clumsy.
The iguana bites you but does no damage.
Ijyb is struck by lightning.
You kill Ijyb!
Qazlal accepts your kill.
Your Stealth skill increases to level 3!
You swing at nothing.
The iguana bites you.
* * * LOW HITPOINT WARNING * * *
You closely miss the iguana.
The iguana bites you but does no damage.
You hit the iguana.
The iguana is lightly wounded.
The iguana bites you.
* * * LOW HITPOINT WARNING * * *
Okay, then.
You're too confused!
You're too confused!
You're too confused!
You're too confused!
You're too confused!
You swing at nothing.
The iguana bites you but does no damage.
You miss the iguana.
The iguana is lightly wounded.
The iguana bites you.
You die...

####.............................
.................................
.................................
###..............................
####.............................
...#.............................
.................................
#...#............................
##.##...........♣§...............
#.##............l...............
#.##............................
#.###...........................
#.# #.......<...................
##.# ##..........................
#..# ..........................
..## ##........................
.## ##......................


You could see an iguana.

Vanquished Creatures
  A scorpion (D:3)
  A hound (D:4)
  Jessica (D:3)
  Ijyb (D:4)
  7 adders
  An ooze (D:3)
  A worm (D:2)
  2 dart slugs
  A leopard gecko (D:3)
  7 orcs
  4 ball pythons
  2 giant cockroaches (D:2)
  4 goblins
  4 hobgoblins
  5 jackals
  A quokka (D:3)
  4 bats
  5 frilled lizards
  2 kobolds
  A leopard gecko skeleton (D:4)
  5 rats
60 creatures vanquished.

Notes
Turn   | Place    | Note
-------+----------+-------------------------------------------
     0 | D:1      | Mgcat the Gnoll Wanderer began the quest for the Orb.
     0 | D:1      | Mgcat set off with: a +2 spear, the Almanac of the Mountains, a +0 buckler, a +0 robe, a ration
     0 | D:1      | Reached XP level 1. HP: 20/20 MP: 4/4
     0 | D:1      | Identified the Almanac of the Mountains
     2 | D:1      | Learned a level 1 spell: Sandblast
   194 | D:1      | Reached XP level 2. HP: 26/26 MP: 5/5
   956 | D:2      | Found a stormy altar of Qazlal.
   964 | D:2      | Reached XP level 3. HP: 25/31 MP: 7/7
  1199 | D:2      | Reached skill level 1 in Invocations
  1257 | D:2      | Became a worshipper of Qazlal Stormbringer
  1406 | D:2      | Reached skill level 1 in Short Blades
  1406 | D:2      | Reached skill level 1 in Long Blades
  1406 | D:2      | Reached skill level 1 in Axes
  1406 | D:2      | Reached skill level 1 in Maces & Flails
  1406 | D:2      | Reached skill level 1 in Polearms
  1406 | D:2      | Reached skill level 1 in Staves
  1406 | D:2      | Reached skill level 1 in Slings
  1406 | D:2      | Reached skill level 1 in Bows
  1406 | D:2      | Reached skill level 1 in Crossbows
  1406 | D:2      | Reached skill level 1 in Throwing
  1406 | D:2      | Reached skill level 1 in Dodging
  1406 | D:2      | Reached skill level 1 in Unarmed Combat
  1406 | D:2      | Reached skill level 1 in Evocations
  1649 | D:2      | Reached XP level 4. HP: 35/38 MP: 8/8
  2005 | D:2      | Learned a level 3 spell: Stone Arrow
  2453 | D:3      | Reached skill level 3 in Spellcasting
  2582 | D:3      | Reached skill level 1 in Conjurations
  2582 | D:3      | Reached skill level 1 in Hexes
  2582 | D:3      | Reached skill level 1 in Charms
  2582 | D:3      | Reached skill level 1 in Summonings
  2582 | D:3      | Reached skill level 1 in Necromancy
  2582 | D:3      | Reached skill level 1 in Translocations
  2582 | D:3      | Reached skill level 1 in Transmutations
  2582 | D:3      | Reached skill level 1 in Fire Magic
  2582 | D:3      | Reached skill level 1 in Ice Magic
  2582 | D:3      | Reached skill level 1 in Air Magic
  2582 | D:3      | Reached XP level 5. HP: 16/43 MP: 9/9
  2595 | D:3      | HP: 10/43 [poisoned by a scorpion]
  2602 | D:3      | HP: 9/43 [poisoned by a scorpion]
  2610 | D:3      | HP: 8/43 [poisoned by a scorpion]
  2833 | D:3      | Found a basalt altar of Yredelemnul.
  2871 | D:3      | Noticed Jessica
  2873 | D:3      | Killed Jessica
  2873 | D:3      | Reached skill level 3 in Armour
  2873 | D:3      | Reached skill level 3 in Shields
  2969 | D:3      | Reached skill level 4 in Earth Magic
  2969 | D:3      | Reached skill level 4 in Poison Magic
  3145 | D:3      | Found a deep blue altar of Sif Muna.
  3252 | D:4      | Noticed Ijyb
  3351 | D:4      | Reached * piety under Qazlal
  3563 | D:4      | Reached XP level 6. HP: 45/50 MP: 10/10
  3821 | D:4      | Reached skill level 2 in Invocations
  4007 | D:4      | HP: 9/50 [iguana (8)]
  4015 | D:4      | HP: 14/75 [Ijyb (1)]
  4022 | D:4      | HP: 14/75 [iguana (2)]
  4028 | D:4      | Killed Ijyb
  4028 | D:4      | Reached skill level 3 in Stealth
  4029 | D:4      | HP: 10/75 [iguana (5)]
  4033 | D:4      | Slain by an iguana

Skill      XL: |  1  2  3  4  5  6 |
---------------+-------------------+-----
Invocations    | 1 2 |  2.0
Short Blades   | 1 |  1.8
Long Blades    | 1 |  1.8
Axes           | 1 |  1.8
Maces & Flails | 1 |  1.8
Polearms       | 1 |  1.8
Staves         | 1 |  1.8
Slings         | 1 |  1.8
Bows           | 1 |  1.8
Crossbows      | 1 |  1.8
Throwing       | 1 |  1.8
Dodging        | 1 |  1.8
Unarmed Combat | 1 |  1.8
Evocations     | 1 |  1.8
Spellcasting   | 3 |  3.3
Conjurations   | 1 |  1.4
Hexes          | 1 |  1.4
Charms         | 1 |  1.4
Summonings     | 1 |  1.4
Necromancy     | 1 |  1.4
Translocations | 1 |  1.4
Transmutations | 1 |  1.4
Fire Magic     | 1 |  1.4
Ice Magic      | 1 |  1.4
Air Magic      | 1 |  1.4
Armour         | 3 |  3.1
Shields        | 3 |  3.1
Earth Magic    | 4 |  4.0
Poison Magic   | 4 |  4.0
Stealth        | 3 |  3.0
Fighting       | |  4.9

Action                   |  1- 3 |  4- 6 || total
-------------------------+-------+-------++-------
Melee: Spear             |    79 |   143 ||   222
       Bite              |     4 |    11 ||    15
 Cast: Sandblast         |       |     4 ||     4
  Use: Scroll            |       |     5 ||     5
       Potion            |       |     2 ||     2
 Stab: Sleeping          |     1 |     3 ||     4
  Eat: Chunk             |     2 |     7 ||     9
Armor: Robe              |     7 |       ||     7
       Ring mail         |    15 |    28 ||    43
       Skin              |       |    37 ||    37
Dodge: Dodged            |    19 |    47 ||    66
Block: Buckler           |     9 |    20 ||    29

Vault maps used:
D:1:      minmay_arrival_split_and_join
D:2:      grunt_qazlal_sundering, minmay_vboxes
D:3:      lemuel_doored_altar, old_standard_altar, first_ration, uniq_jessica
D:4:      uniq_ijyb

Table legend:
 A = Turns spent in this place as a percentage of turns spent in the entire game.
 B = Non-inter-level travel turns spent in this place as a percentage of non-inter-level travel turns spent in the entire game.
 C = Inter-level travel turns spent in this place as a percentage of turns spent in this place.
 D = Turns resting spent in this place as a percentage of non-inter-level travel turns spent in this place.
 E = Turns spent auto-exploring this place as a percentage of non-inter-level travel turns spent in this place.
 F = Non-inter-level travel turns spent in this place divided by the number of levels of this place that you've seen.
                   A       B       C       D       E      F
               +-------+-------+-------+-------+-------+----------------------
         Total | 100.0 | 100.0 |   4.1 |   0.0 |  85.8 | 966.5
       Dungeon | 100.0 | 100.0 |   4.1 |   0.0 |  85.8 | 966.5
               +-------+-------+-------+-------+-------+----------------------

Table legend:
 A = Kills in this place as a percentage of kills in entire the game.
 B = Kills by you in this place as a percentage of kills by you in the entire game.
 C = Kills by friends in this place as a percentage of kills by friends in the entire game.
 D = Other kills in this place as a percentage of other kills in the entire game.
 E = Experience gained in this place as a percentage of experience gained in the entire game.
 F = Experience gained in this place divided by the number of levels of this place that you have seen.
                   A       B       C       D       E      F
               +-------+-------+-------+-------+-------+----------------------
         Total | 100.0 | 100.0 |   N/A |   N/A | 100.0 |  95.2
       Dungeon | 100.0 | 100.0 |   N/A |   N/A | 100.0 |  95.2
               +-------+-------+-------+-------+-------+----------------------
